monkhack, neutral male human Monk -- --.---- |.....-- |..*.%.---- --.|......-- ----......|. |....<.... -......... .........% ...%.--... -...%- ......( -..)I. .......... ...... ............ |.. ......)... ......... . ..... ... monkhack the Initiate Experience level: 6 Strength: 17 Dexterity: 17 Constitution: 11 Intelligence: 10 Wisdom: 12 Charisma: 9 Health: 0(40) Energy: 36(36) Def: 8 Gold: 1155 Moves: 2527 Dungeon seed: 7WHpP34Gg137hpYv Game ID: monkhack_1464575656 Your Inventory: Coins $ - 1155 gold pieces Weapons l - 12 uncursed +0 shuriken (in quiver) H - an uncursed +0 elven dagger L - 23 uncursed +0 darts N - an uncursed +1 dagger Q - an uncursed +0 dagger Armor e - an uncursed +2 pair of leather gloves (being worn) n - an uncursed +1 robe (being worn) q - an uncursed +0 dwarvish cloak r - an uncursed +0 pair of iron shoes (being worn) U - an uncursed +0 dwarvish cloak V - an uncursed +0 dwarvish iron helm W - an uncursed +0 pair of iron shoes Comestibles f - 4 uncursed food rations g - 6 uncursed apples h - 6 uncursed oranges i - 3 uncursed fortune cookies o - an uncursed egg p - 3 uncursed sprigs of wolfsbane A - 2 uncursed lembas wafers B - an uncursed cherry C - an uncursed banana Scrolls a - an uncursed scroll of identify X - an uncursed scroll of blank paper Potions M - an uncursed potion of extra healing O - 2 uncursed potions of restore ability S - an uncursed potion of invisibility Wands b - an uncursed wand of magic missile (0:5) j - an uncursed wand of enlightenment (0:3) s - an uncursed wand of cold (0:6) t - an uncursed wand of slow monster (0:6) Tools k - an uncursed oil lamp (lit) (0:1131) P - an uncursed wax candle (0:400) Z - an uncursed bag of tricks (0:19) Gems y - an uncursed jade stone z - an uncursed worthless piece of black glass R - an uncursed opal T - an uncursed worthless piece of white glass Y - an uncursed worthless piece of orange glass Spells and supernatural/magical abilities: Name Level Category Fail Memory z - sleep 1 enchantment 0% 88% W - pray for help -- divine ? -- Your skills at the end: Miscellaneous Skills martial arts [Skilled] wands [Basic] Weapon Skills shuriken [Basic] Spellcasting Skills healing spells [Basic] Final Attributes: You were devoutly aligned. You were sleep resistant. You were poison resistant. You were blinded. You saw invisible. You were stealthy. You were fast. You are dead. Vanquished creatures: a ghost a rock piercer a yellow light 2 shriekers 3 gnome lords a paper golem 2 giant ants a floating eye a kitten 3 dwarves a rothe a giant bat a werejackal a coyote a gas spore 2 hobbits a brown mold 8 gnomes 6 jackals a fox a kobold 6 newts 3 goblins 2 grid bugs 2 lichens 53 creatures vanquished. Voluntary challenges: You followed a strict vegan diet. You did not adorn yourself with jewelry or accessories. You never hit with a wielded weapon. You did not apply a unicorn horn. You were illiterate. You never genocided any monsters. You never polymorphed an object. You never changed form. You used no wishes. You never split a pudding. You never wrote Elbereth's name. You never violated your personal moral code. Dungeon overview: The Dungeons of Doom: levels 1 to 7 Level 1 a long staircase Level 2 an altar to Chih Sung-tzu, some fountains Level 3 a general store, a sink stairs to The Gnomish Mines Level 4 a sink Level 5 Level 6 a general store, a fountain Level 7 The Gnomish Mines: levels 4 to 5 Level 4 stairs to The Dungeons of Doom Level 5 <- You were here History has recorded: On T:1 you entered the Dungeons of Doom to retrieve the Amulet of Yendor! On T:165 you reached level 2 of The Dungeons of Doom. On T:700 you advanced to experience level 2. On T:709 you reached level 3 of The Dungeons of Doom. On T:746 you reached level 1 of The Gnomish Mines. On T:977 you reached level 4 of The Dungeons of Doom. On T:1048 you reached level 5 of The Dungeons of Doom. On T:1194 you advanced to experience level 3. On T:1255 you reached level 6 of The Dungeons of Doom. On T:1542 you reached level 7 of The Dungeons of Doom. On T:1655 you advanced to experience level 4. On T:2004 you advanced to experience level 5. On T:2363 you reached level 2 of The Gnomish Mines. On T:2463 you advanced to experience level 6. Score breakdown: Gold: 1155 ( 115 points) Experience: 6 levels ( 500 points) Exploration: 7 levels ( 180 points) Discoveries: 5 items ( 250 points) Variety of kills: 25 monsters ( 1250 points) Major goal: (nothing yet) ( 0 points) Survival: died (score multiplied by 3) Total score: 6885 Latest messages: You sense a monster nearby! You stop searching. Something hits you! You die... Final status: Goodbye monkhack the Monk, killed by a dwarf... You died in The Gnomish Mines on dungeon level 5 with 6885 points, and 1155 pieces of gold, after 2527 moves. You were level 6 with a maximum of 40 hit points when you died.